 Dungeon Crawl Stone Soup version 0.27.1-3-gb3d3a73c9e (webtiles) character file.

Game seed: 6662516680451916315

142 raph the Spear-Bearer (level 5, -3/38 HPs)
             Began as a Merfolk Gladiator on Oct 20, 2021.
             Was an Initiate of Okawaru.
             Slain by Pikel (10 damage)
             ... on level 4 of the Dungeon.
             The game lasted 00:04:08 (2671 turns).

raph the Spear-Bearer (Merfolk Gladiator)           Turns: 2671, Time: 00:04:09

Health: -3/38      AC: 11    Str: 15    XL:     5   Next: 25%
Magic:  5/5        EV: 11    Int:  7    God:    Okawaru [......]
Gold:   78         SH:  0    Dex: 22    Spells: 4/4 levels left

rFire    x . .     SeeInvis .   a - +0 trident
rCold    + + +     Faith    .   (no shield)
rNeg     . . .     Spirit   .   k - +0 ice dragon scales
rPois    .         Reflect  .   c - +0 helmet
rElec    .         Harm     .   (no cloak)
rCorr    .         Rampage  .   (no gloves)
Will     .....                  e - +0 pair of boots
Stlth    ..........             (no amulet)
HPRegen  0.12/turn              f - +6 ring of dexterity
MPRegen  0.09/turn              j - ring of protection from cold

@: no status effects
A: (nimble swimmer 2), mertail
a: Renounce Religion


You were on level 4 of the Dungeon.
You worshipped Okawaru.
Okawaru was noncommittal.
You visited 1 branch of the dungeon, and saw 4 of its levels.

You collected 78 gold pieces.

Inventory:

Hand Weapons
 a - a +0 trident (weapon)
Missiles
 d - 3 throwing nets (quivered)
Armour
 b - a +0 leather armour
 c - a +0 helmet (worn)
 e - a +0 pair of boots (worn)
 k - +0 ice dragon scales (worn)
Jewellery
 f - a +6 ring of dexterity (left hand)
 j - a ring of protection from cold (right hand)
Scrolls
 g - a scroll of noise
 l - 2 scrolls of teleportation
Potions
 m - 2 potions of might
 n - a potion of degeneration {unknown}
 p - a potion of heal wounds {unknown}


   Skills:
 - Level 2.1 Fighting
 + Level 8.4 Polearms
 - Level 2.0 Throwing
 - Level 4.0 Dodging


You had 4 spell levels left.
You didn't know any spells.
Your spell library contained the following spells:

 Spells                   Type           Power      Damage    Failure   Level
 Animate Skeleton         Necr           0%         N/A       95%         1
 Pain                     Necr           0%         1d4       95%         1
 Summon Small Mammal      Summ           0%         N/A       95%         1
 Call Canine Familiar     Summ           0%         N/A       100%        3
 Summon Guardian Golem    Hex/Summ       0%         N/A       100%        3
 Vampiric Draining        Necr           0%         2d6       100%        3
 Petrify                  Tmut/Erth      0%         N/A       100%        4
 Borgnjor's Vile Clutch   Necr/Erth      0%         N/A       100%        5
 Storm Form               Tmut/Air       0%         N/A       100%        7


Dungeon Overview and Level Annotations

Branches:
Dungeon (4/15)
 Temple: D:4-7

Altars:
Okawaru

Shops:
D:2 =

Annotations:
D:4 Pikel


Innate Abilities, Weirdness & Mutations

((You are quick and stealthy near water. (Stealth+, EV+, Speed+++)))
Your lower body shifts to a powerful aquatic tail in water.


Message History

You are too injured to fight recklessly!
You are too injured to fight recklessly!
You are too injured to fight recklessly!
You hit the jelly but do no damage.
Your hands burn!
The jelly is almost dead.
The jelly hits you but does no damage. The black bear closely misses you.
The black bear claws you but does no damage.
The black bear misses you.
You hit the jelly but do no damage.
Your hands burn!
* * * LOW HITPOINT WARNING * * *
The jelly is almost dead.
The jelly closely misses you. The black bear bites you.
* * * LOW HITPOINT WARNING * * *
The black bear claws you.
* * * LOW HITPOINT WARNING * * *
The black bear claws you but does no damage.
Okay, then.
Okay, then.
Found 9 stones.
Pikel and a skeleton come into view.
Pikel is wielding a +2 whip of electrocution.
Found 6 boomerangs.
Pikel shouts!
You hear a shout! x5
An orc wizard comes into view. It is wielding a +0 dagger.
A lemure comes into view.
An orc and 2 lemures come into view.
The lemure shouts! x2; The orc shouts!
A lemure comes into view.
The lemure shouts!
An orc comes into view. It is wielding a +0 whip.
The orc wizard gestures wildly while chanting.
The orc wizard flickers and vanishes!
Deactivating autopickup; reactivate with Ctrl-A.
Pikel drinks a potion.
Pikel goes berserk!
An orc comes into view. It is wielding a +0 club.
You are no longer corroded.
Pikel hits you with a +2 whip of electrocution.
* * * LOW HITPOINT WARNING * * *
You are electrocuted!
You die...

,* *,,,,,,,**,** ,* ***
*,,,,,,,#...** ,*****,***
****,,.......* ,,*,,,,,,**
***,,,.......******
,,,,,,,,,,***,,,*#........,,,,*
,,,,,,,,,,,*,,,,*#........,,,,*
,,,,,,,,,,,*,,,*##........,,,,*
,,,,,,,,,,,.,,,##.........,****
,,,,,,,,,,,..,*#@....o.....#****
,,,,,,,,##....#.#KJ5o.......,,,*
*,,,,,,,........#.5.5..#..o.,,,*
**,,,,,,........##oh...#....,,,*
*,,,,,,,.....#...#.5Z.......,,,**
**,,,,,,.....#..............,,,,*
*,,,,,,,....................,,,,,
,,,,,,,,........####........,,,**
,***,,,,.........###........,*,,*


You could see Pikel (berserk), a black bear, 4 lemures, a jelly, 3 orcs and an
adder skeleton.

Vanquished Creatures
  Natasha (thrice) (D:2)
  4 dart slugs (D:1)
  8 ball pythons
  6 endoplasms
  2 giant cockroaches (D:1)
  2 goblins (D:3)
  9 hobgoblins
  4 jackals (D:1)
  A quokka (D:2)
  3 bats
  5 frilled lizards
  5 kobolds
  9 rats
61 creatures vanquished.

Notes
Turn   | Place    | Note
-------+----------+-------------------------------------------
     0 | D:1      | raph the Merfolk Gladiator began the quest for the Orb.
     0 | D:1      | Reached XP level 1. HP: 16/16 MP: 1/1
   169 | D:1      | Reached skill level 5 in Polearms
   171 | D:1      | Reached XP level 2. HP: 22/22 MP: 2/2
   537 | D:1      | Reached skill level 6 in Polearms
   537 | D:1      | Reached XP level 3. HP: 27/27 MP: 3/3
   871 | D:1      | Got Onais's Disquisition on Evil Changing
  1108 | D:2      | Noticed Natasha
  1113 | D:2      | Killed Natasha
  1114 | D:2      | Reached skill level 7 in Polearms
  1114 | D:2      | Reached XP level 4. HP: 27/33 MP: 4/4
  1191 | D:2      | Noticed Natasha
  1204 | D:2      | Killed Natasha
  1257 | D:2      | Found Neunk's Jewellery Shoppe.
  1382 | D:2      | Noticed Natasha
  1392 | D:2      | Killed Natasha
  1393 | D:2      | Reached skill level 8 in Polearms
  1393 | D:2      | Reached XP level 5. HP: 27/38 MP: 5/5
  2154 | D:3      | Found an iron altar of Okawaru.
  2183 | D:3      | Became a worshipper of Warmaster Okawaru
  2648 | D:4      | Noticed a black bear
  2661 | D:4      | Noticed Pikel
  2661 | D:4      | Noticed a lemure
  2662 | D:4      | Noticed a lemure
  2662 | D:4      | Noticed a lemure
  2662 | D:4      | Noticed a lemure
  2671 | D:4      | Slain by Pikel

Illustrated notes

Levels and vault maps discovered:
D:1:      dpeg_arrival_ratfight, layout_basic
D:2:      layout_loops_ring, serial_shops, shop, uniq_natasha
D:3:      layout_basic, kennysheep_okawaru_gauntlet, kennysheep_boxes
D:4:      layout_cave_pools, nicolae_uskayaw_en_pointe, old_standard_altar,
          uniq_pikel, uniq_menkaure

Skill      XL: |  1  2  3  4 |
---------------+-------------+-----
Polearms       | 5 6 7 8 |  8.4
Fighting       | |  2.1
Throwing       | |  2.0
Dodging        | |  4.0

Action                   |  1- 3 |  4- 6 || total
-------------------------+-------+-------++-------
Melee: Trident           |    93 |    72 ||   165
       Tailslap          |       |     1 ||     1
  Use: Scroll            |       |     6 ||     6
 Stab: Sleeping          |     3 |       ||     3
Armor: Leather armour    |    25 |     1 ||    26
       Ice dragon scales |       |    13 ||    13
Dodge: Dodged            |    56 |    32 ||    88
